 Dungeon Crawl Stone Soup version 0.29.0-11-gd7f09526c8 (webtiles) character file.

Game seed: 6486027911525185988

128 gelatine the Chopper (level 4, 0/34 HPs)
             Began as a Demonspawn Gladiator on Sept 3, 2022.
             Killed from afar by an orc wizard (2 damage)
             ... with a magic dart
             ... on level 3 of the Dungeon.
             The game lasted 00:04:18 (1464 turns).

gelatine the Chopper (Demonspawn Gladiator)         Turns: 1464, Time: 00:04:19

Health: 0/34       AC: 10    Str: 16    XL:     4   Next: 86%
Magic:  4/4        EV: 13    Int:  9    God:
Gold:   175        SH:  8    Dex: 15    Spells: 3/3 levels left

rFire   + . .      SeeInvis .   a - +0 war axe
rCold   . . .      Faith    .   q - +0 buckler
rNeg    . . .      Spirit   .   g - +3 ring mail {rF+}
rPois   .          Reflect  +   c - +0 helmet
rElec   .          Harm     .   (no cloak)
rCorr   .          Rampage  .   l - +0 pair of gloves
Will    .....                   (no boots)
Stlth   +.........              r - amulet of reflection
HPRegen 0.11/turn               (no ring)
MPRegen 0.09/turn               (no ring)

@: no status effects
A: repulsion field 1
a: no special abilities


You were on level 3 of the Dungeon.
You visited 1 branch of the dungeon, and saw 3 of its levels.

You collected 175 gold pieces.

Inventory:

Hand Weapons
 a - a +0 war axe (weapon)
Missiles
 d - 3 throwing nets
 e - a javelin (quivered)
Armour
 c - a +0 helmet (worn)
 g - a +3 ring mail of fire resistance (worn)
 l - a +0 pair of gloves (worn)
 q - a +0 buckler (worn)
Magical Staves
 m - a staff of poison
Jewellery
 r - an amulet of reflection (around neck)
Scrolls
 f - 2 scrolls of noise {unknown}
 h - a scroll of teleportation {unknown}
 n - 2 scrolls of poison {unknown}
 p - a scroll of silence {unknown}
 s - a scroll of identify {unknown}
Potions
 b - a potion of berserk rage {unknown}
 i - 4 potions of curing {unknown}
 j - 2 potions of brilliance {unknown}
 k - a potion of heal wounds {unknown}
 o - a potion of degeneration {unknown}
 t - a potion of lignification {unknown}


   Skills:
 * Level 2.3 Fighting
 * Level 4.0 Axes
 + Level 1.9 Throwing
 * Level 1.3 Armour
 * Level 3.3 Dodging
 + Level 0.1 Stealth
 * Level 0.3 Shields


You had 3 spell levels left.
You didn't know any spells.
Your spell library contained the following spells:

 Spells                   Type           Power      Damage    Failure   Level
 Magic Dart               Conj           0%         1d3       71%         1
 Call Imp                 Summ           0%         N/A       85%         2
 Mephitic Cloud           Conj/Pois/Air  0%         N/A       97%         3


Dungeon Overview and Level Annotations

Branches:
Dungeon (3/15)

Altars:
Ashenzari


Innate Abilities, Weirdness & Mutations

You are surrounded by a mild repulsion field. (EV +2)


Message History

An orc wizard comes into view.
It is wielding a +0 dagger and wearing a +1 robe of fire resistance.
You block the orc priest's attack.
Items here: ( ))) †.
You hit the orc priest but do no damage.
The orc priest hits you but does no damage.
You hit the orc priest.
The orc priest is lightly wounded.
You block the orc priest's attack.
You barely miss the orc priest.
The orc priest is lightly wounded.
The orc wizard gestures wildly while chanting.
The orc wizard flickers and vanishes!
Deactivating autopickup; reactivate with Ctrl-A.
The orc priest hits you but does no damage.
The orc priest hits you with a +0 dagger.
You hit the orc priest but do no damage.
The orc priest is lightly wounded.
The orc priest hits you but does no damage.
You hit the orc priest.
The orc priest is lightly wounded.
The orc priest mumbles some strange prayers to Beogh against you.
Pain shoots through your body!
You hit the orc priest but do no damage.
The orc priest is lightly wounded.
The orc priest looks encouraged for a moment.
The orc priest invokes the aid of Beogh against you.
Pain shoots through your body!
* * * LOW HITPOINT WARNING * * *
You slash the orc priest!
The orc priest is almost dead.
The orc priest barely misses you.
You slash the orc priest!
You kill the orc priest!
Your Axes skill increases to level 4!
You miss something. Something hits you but does no damage.
You closely miss something.
You hear some strange, mumbled words.
A magic dart appears from out of thin air!
The magic dart hits you.
You die...

.....###..........+
#[#...##..# .....#
#.......... #.........#
.....# #..........
#<..#####.### .....#
##...######
#.......#...# .....# #.
#...##.####.# .....# #.#
#...##.# #.# .....# #..#
##.###.# #.# .....#
#..#####.##.# #.####.#
#...@{..##.# #......#
##.#######.##########
#####...####............
#............#.#########
#.###...>......# #....##
#..######### #.##...
#..# #.#####
#.###..###########.#
#..................#


There were no monsters in sight!

Vanquished Creatures
  An orc priest (D:3)
  3 adders (D:2)
  2 worms
  4 dart slugs
  3 orcs (D:3)
  2 ball pythons
  3 endoplasms
  5 giant cockroaches
  3 hobgoblins
  4 jackals (D:3)
  2 quokkas
  4 bats
  4 frilled lizards
  6 goblins
  4 kobolds
  3 rats
53 creatures vanquished.

Notes
Turn   | Place    | Note
-------+----------+-------------------------------------------
     0 | D:1      | gelatine the Demonspawn Gladiator began the quest for the
                  | Orb.
     0 | D:1      | Reached XP level 1. HP: 16/16 MP: 1/1
    72 | D:1      | Found a faded altar of an unknown god.
   175 | D:1      | Reached skill level 3 in Axes
   217 | D:1      | Gained mutation: You are surrounded by a mild repulsion
                  | field. (EV +2) [demonic ancestry]
   217 | D:1      | Reached XP level 2. HP: 22/22 MP: 2/2
   483 | D:2      | Reached XP level 3. HP: 23/27 MP: 3/3
   647 | D:2      | Reached skill level 1 in Armour
  1122 | D:3      | Reached XP level 4. HP: 29/33 MP: 4/4
  1225 | D:3      | Found a broken altar of Ashenzari.
  1463 | D:3      | Reached skill level 4 in Axes
  1464 | D:3      | Killed from afar by an orc wizard

Illustrated notes

Levels and vault maps discovered:
D:1:      ncdulo_smallfort, layout_rooms,
          hellmonk_ecumenical_altar_leap_of_faith
D:2:      layout_rooms, minmay_between
D:3:      layout_basic, nicolae_ashenzari_skybound,
          chequers_serial_rivers_micro_b

Skill      XL: |  1  2  3  4 |
---------------+-------------+-----
Axes           | 3 4 |  4.0
Dodging        | 3 |  3.3
Armour         | 1 |  1.3
Fighting       | |  2.3
Throwing       | |  1.9
Stealth        | |  0.1
Shields        | |  0.3

Action                   |  1- 3 |  4- 6 || total
-------------------------+-------+-------++-------
Melee: War axe           |    89 |    46 ||   135
       Punch             |     1 |       ||     1
Armor: Ring mail         |    47 |    17 ||    64
       Leather armour    |     1 |       ||     1
Dodge: Dodged            |    86 |    31 ||   117
Block: Buckler           |       |    10 ||    10
